EL
READING FIGHTIN PHILS @ COLORADO (EL) ROCKIES
05/01/2048
 
TOP OF THE 1ST
Reading Fightin Phils batting - Pitching for Colorado (EL) Rockies : RHP Jalen Young
Pitching: RHP Jalen Young
Batting: RHB Tony Perez 0-0: Ball
1-0: Ball
2-0: Ball
3-0: Base on Balls
Batting: RHB Chris Myers 0-0: Ball
1-0: Swinging Strike
1-1: Ball
2-1: Ball
3-1: Base on Balls
Tony Perez to second
Batting: RHB Alan Weller 0-0: Fly out, F7 (Flyball, 7S, EV 93.8 MPH)
Batting: RHB Guan-pei Gao 0-0: Called Strike
0-1: Fly out, F8 (Line Drive, 8RD, EV 88.8 MPH)
Batting: RHB Pablo Lopez 0-0: Called Strike
0-1: Swinging Strike
0-2: Ball
1-2: Ball
2-2: Foul Ball, location: 2F
2-2: Ball
3-2: Foul Ball, location: 2F
3-2: Base on Balls
Tony Perez to third
Chris Myers to second
Batting: LHB Alex Fernandez 0-0: Ball
1-0: Ball
2-0: Fly out, F9 (Flyball, 9S, EV 84.4 MPH)
Top of the 1st over - 0 runs, 0 hits, 0 errors, 3 left on base; Reading 0 - Colorado (EL) 0
BOTTOM OF THE 1ST
Colorado (EL) Rockies batting - Pitching for Reading Fightin Phils : RHP Lida Sestak
Pitching: RHP Lida Sestak
Batting: RHB Kevin Tangeman 0-0: Foul Ball, location: 2F
0-1: Foul Ball, location: 2F
0-2: Foul Ball, location: 2F
0-2: Ball
1-2: Fly out, F4 (Popup, 34S, EV 63.8 MPH)
Batting: LHB Mick Tucker 0-0: Ball
1-0: Ball
2-0: Called Strike
2-1: Foul Ball, location: 2F
2-2: Ball
3-2: Fly out, F4 (Line Drive, 34D, EV 66.9 MPH)
Batting: LHB Paul McClintock 0-0: Ball
1-0: Called Strike
1-1: Swinging Strike
1-2: Ground out 6-3 (Groundball, 6M, EV 98.1 MPH)
Bottom of the 1st over - 0 runs, 0 hits, 0 errors, 0 left on base; Reading 0 - Colorado (EL) 0
TOP OF THE 2ND
Reading Fightin Phils batting - Pitching for Colorado (EL) Rockies : RHP Jalen Young
Batting: LHB Doug Frampton 0-0: Foul Ball, location: 2F
0-1: Ball
1-1: Foul Ball, location: 2F
1-2: Ball
2-2: Ball
3-2: Strikes out looking
Batting: RHB Danny Habermehl 0-0: Called Strike
0-1: Foul Ball, location: 2F
0-2: Ball
1-2: Ball
2-2: Foul Ball, location: 2F
2-2: Ball
3-2: Ground out 4-3 (Groundball, 34D, EV 79.4 MPH)
Batting: RHB Prabhukumar Santhanakrishnan 0-0: Ball
1-0: Ball
2-0: Ball
3-0: Called Strike
3-1: Foul Ball, location: 2F
3-2: SINGLE (Line Drive, 56, EV 95.0 MPH)
Batting: RHB Tony Perez 0-0: Ball
Prabhukumar Santhanakrishnan steals 2nd base
1-0: Foul Ball, location: 2F
1-1: Ball
2-1: Foul Ball, location: 2F
2-2: Strikes out looking
Top of the 2nd over - 0 runs, 1 hit, 0 errors, 1 left on base; Reading 0 - Colorado (EL) 0
BOTTOM OF THE 2ND
Colorado (EL) Rockies batting - Pitching for Reading Fightin Phils : RHP Lida Sestak
Batting: RHB John Corfield 0-0: Ball
1-0: Ground out 4-3 (Groundball, 4, EV 103.8 MPH)
Batting: RHB Chris Osting 0-0: Ball
1-0: Ground out 5-3 (Groundball, 5, EV 85.6 MPH)
Batting: RHB Zakhar Edelman 0-0: Ball
1-0: SOLO HOME RUN (Line Drive, 7LD, EV 91.9 MPH), Distance : 339 ft
Batting: RHB Seisaburo Edagawa 0-0: Fly out, F8 (Flyball, 8RD, EV 98.1 MPH)
Bottom of the 2nd over - 1 run, 1 hit, 0 errors, 0 left on base; Reading 0 - Colorado (EL) 1
TOP OF THE 3RD
Reading Fightin Phils batting - Pitching for Colorado (EL) Rockies : RHP Jalen Young
Batting: RHB Chris Myers 0-0: Foul Ball, location: 2F
0-1: Bunt missed!
0-2: Fly out, F7 (Flyball, 78M, EV 90.6 MPH)
Batting: RHB Alan Weller 0-0: Called Strike
0-1: Ball
1-1: Ball
2-1: Ball
3-1: Called Strike
3-2: Fly out, F9 (Flyball, 9LS, EV 84.4 MPH)
Batting: RHB Guan-pei Gao 0-0: Called Strike
0-1: Ball
1-1: Foul Ball, location: 2F
1-2: Strikes out swinging
Top of the 3rd over - 0 runs, 0 hits, 0 errors, 0 left on base; Reading 0 - Colorado (EL) 1
BOTTOM OF THE 3RD
Colorado (EL) Rockies batting - Pitching for Reading Fightin Phils : RHP Lida Sestak
Batting: RHB Manny Thompson 0-0: Called Strike
0-1: SINGLE (Groundball, 56D, EV 101.2 MPH)
Batting: SHB Craig Ruzic 0-0: Ball
1-0: Ball
2-0: Called Strike
2-1: Called Strike
2-2: Fly out, F7 (Flyball, 7, EV 85.0 MPH)
Batting: RHB Kevin Tangeman 0-0: Swinging Strike
0-1: Ball
1-1: Swinging Strike
1-2: Foul Ball, location: 2F
1-2: Strikes out swinging
Batting: LHB Mick Tucker 0-0: Called Strike
0-1: Swinging Strike
0-2: Fielders Choice at 2nd, 6-4 (Groundball, 6, EV 80.0 MPH)
Bottom of the 3rd over - 0 runs, 1 hit, 0 errors, 1 left on base; Reading 0 - Colorado (EL) 1
TOP OF THE 4TH
Reading Fightin Phils batting - Pitching for Colorado (EL) Rockies : RHP Jalen Young
Batting: RHB Pablo Lopez 0-0: Swinging Strike
0-1: Swinging Strike
0-2: Ball
1-2: Ball
2-2: Ball
3-2: SINGLE (Groundball, 34D, EV 106.2 MPH)
Batting: LHB Alex Fernandez 0-0: Ball
1-0: Foul Ball, location: 2F
1-1: Ball
2-1: Ball
3-1: Foul Ball, location: 2F
3-2: Base on Balls
Pablo Lopez to second
Batting: LHB Doug Frampton 0-0: Ground out 4-3 (Groundball, 4S, EV 68.8 MPH)
Pablo Lopez to third
Alex Fernandez to second
Batting: RHB Danny Habermehl 0-0: Swinging Strike
0-1: Called Strike
0-2: Ball
1-2: Strikes out swinging
Batting: RHB Prabhukumar Santhanakrishnan 0-0: Ball
1-0: Ball
2-0: Ball
3-0: Base on Balls
Pitching: LHP Kyle Mearkle
Batting: RHB Tony Perez 0-0: Swinging Strike
0-1: Called Strike
0-2: Fly out, F9 (Flyball, 9D, EV 104.4 MPH)
Top of the 4th over - 0 runs, 1 hit, 0 errors, 3 left on base; Reading 0 - Colorado (EL) 1
BOTTOM OF THE 4TH
Colorado (EL) Rockies batting - Pitching for Reading Fightin Phils : RHP Lida Sestak
Batting: LHB Paul McClintock 0-0: Ball
1-0: Called Strike
1-1: Ball
2-1: Ball
3-1: Foul Ball, location: 2F
3-2: Base on Balls
Batting: RHB John Corfield 0-0: Called Strike
0-1: Ball
1-1: Ball
2-1: Ball
3-1: Foul Ball, location: 2F
3-2: Base on Balls
Paul McClintock to second
Batting: RHB Chris Osting 0-0: Ball
1-0: Fly out, F8 (Flyball, 8RD, EV 88.1 MPH)
Batting: RHB Zakhar Edelman 0-0: Called Strike
0-1: Ball
1-1: Ball
2-1: Ball
3-1: Fly out, F8 (Line Drive, 8RM, EV 96.9 MPH)
Batting: RHB Seisaburo Edagawa 0-0: Ball
1-0: Ground out 1-3 (Groundball, 34S, EV 70.6 MPH)
Bottom of the 4th over - 0 runs, 0 hits, 0 errors, 2 left on base; Reading 0 - Colorado (EL) 1
TOP OF THE 5TH
Reading Fightin Phils batting - Pitching for Colorado (EL) Rockies : LHP Kyle Mearkle
Batting: RHB Chris Myers 0-0: Called Strike
0-1: Ground out 5-3 (Groundball, 5, EV 94.4 MPH)
Batting: RHB Alan Weller 0-0: Called Strike
0-1: Foul Ball, location: 2F
0-2: SINGLE (Groundball, 34D, EV 108.8 MPH)
Batting: RHB Guan-pei Gao 0-0: Swinging Strike
0-1: Swinging Strike
0-2: Foul Ball, location: 2F
0-2: Strikes out swinging
Batting: RHB Pablo Lopez 0-0: Foul Ball, location: 2F
0-1: Ball
1-1: Ball
2-1: Foul Ball, location: 2F
2-2: Strikes out swinging
Top of the 5th over - 0 runs, 1 hit, 0 errors, 1 left on base; Reading 0 - Colorado (EL) 1
BOTTOM OF THE 5TH
Colorado (EL) Rockies batting - Pitching for Reading Fightin Phils : RHP Lida Sestak
Batting: RHB Manny Thompson 0-0: Called Strike
0-1: Swinging Strike
0-2: Strikes out swinging
Batting: SHB Craig Ruzic 0-0: Ball
1-0: Called Strike
1-1: Fly out, F7 (Flyball, 7S, EV 86.2 MPH)
Batting: RHB Kevin Tangeman 0-0: Called Strike
0-1: DOUBLE (Line Drive, 78XD, EV 103.8 MPH)
Batting: LHB Mick Tucker 0-0: Ground out 5-3 (Groundball, 56S, EV 65.6 MPH)
Bottom of the 5th over - 0 runs, 1 hit, 0 errors, 1 left on base; Reading 0 - Colorado (EL) 1
TOP OF THE 6TH
Reading Fightin Phils batting - Pitching for Colorado (EL) Rockies : LHP Kyle Mearkle
Batting: LHB Alex Fernandez 0-0: Called Strike
0-1: Foul Ball, location: 2F
0-2: Foul Ball, location: 2F
0-2: Strikes out swinging
Batting: LHB Doug Frampton 0-0: Ball
1-0: Called Strike
1-1: Foul Ball, location: 2F
1-2: Ball
2-2: Strikes out looking
Batting: RHB Danny Habermehl 0-0: Called Strike
0-1: Ball
1-1: Ball
2-1: Ball
3-1: Ground out 6-3 (Groundball, 6M, EV 105.0 MPH)
Top of the 6th over - 0 runs, 0 hits, 0 errors, 0 left on base; Reading 0 - Colorado (EL) 1
BOTTOM OF THE 6TH
Colorado (EL) Rockies batting - Pitching for Reading Fightin Phils : RHP Lida Sestak
Batting: LHB Paul McClintock 0-0: Ball
1-0: Ground out 6-3 (Groundball, 6M, EV 99.4 MPH)
Batting: RHB John Corfield 0-0: Called Strike
0-1: Fly out, F8 (Flyball, 89M, EV 76.9 MPH)
Batting: RHB Chris Osting 0-0: Ball
1-0: Swinging Strike
1-1: Ball
2-1: SINGLE (Flyball, 78S, EV 89.4 MPH)
Batting: RHB Zakhar Edelman 0-0: Ball
Chris Osting steals 2nd, throwing error, E2
Chris Osting to third
1-0: Ball
2-0: Ball
3-0: Called Strike
3-1: Fly out, F4 (Popup, 34D, EV 52.5 MPH)
Bottom of the 6th over - 0 runs, 1 hit, 1 error, 1 left on base; Reading 0 - Colorado (EL) 1
TOP OF THE 7TH
Reading Fightin Phils batting - Pitching for Colorado (EL) Rockies : LHP Kyle Mearkle
Pitching: RHP Michael Conrad
Batting: RHB Prabhukumar Santhanakrishnan 0-0: DOUBLE (Line Drive, 89XD, EV 98.8 MPH)
Batting: RHB Tony Perez 0-0: Ball
1-0: Bunted foul
1-1: Bunted foul
1-2: Ground out 4-3 (Groundball, 4, EV 91.9 MPH)
Prabhukumar Santhanakrishnan to third
Batting: RHB Chris Myers 0-0: Ball
1-0: Fly out, F8 (Flyball, 8LM, EV 85.0 MPH)
Batting: RHB Alan Weller 0-0: SINGLE (Flyball, 9, EV 97.5 MPH)
Prabhukumar Santhanakrishnan scores
Batting: RHB Guan-pei Gao 0-0: Called Strike
0-1: Ball
1-1: Foul Ball, location: 2F
1-2: Ball
2-2: Ball
3-2: Strikes out swinging
Top of the 7th over - 1 run, 2 hits, 0 errors, 1 left on base; Reading 1 - Colorado (EL) 1
BOTTOM OF THE 7TH
Colorado (EL) Rockies batting - Pitching for Reading Fightin Phils : RHP Lida Sestak
Batting: RHB Seisaburo Edagawa 0-0: Called Strike
0-1: Foul Ball, location: 2F
0-2: Ball
1-2: DOUBLE (Groundball, 3L, EV 103.1 MPH)
Batting: RHB Manny Thompson 0-0: Sac Bunt to 15S - play at first, batter OUT! 1-3
Seisaburo Edagawa to third
Batting: SHB Craig Ruzic 0-0: SINGLE (Flyball, 8RS, EV 93.1 MPH)
Seisaburo Edagawa scores
Batting: RHB Kevin Tangeman 0-0: Ball
1-0: Foul Ball, location: 2F
Pickoff Throw to First - Error! E1
Craig Ruzic to second
1-1: Ball
2-1: Foul Ball, location: 2F
2-2: Ball
3-2: Base on Balls
Pitching: LHP Chris Burch
Batting: LHB Mick Tucker 0-0: Foul Ball, location: 2F
0-1: SINGLE (Groundball, 4MD, EV 101.2 MPH) (infield hit)
Craig Ruzic to third
Kevin Tangeman to second
Batting: LHB Paul McClintock 0-0: Foul Ball, location: 2F
0-1: Ball
1-1: DOUBLE (Line Drive, 3D, EV 96.9 MPH)
Craig Ruzic scores
Kevin Tangeman scores
Mick Tucker to third
Runner from 3rd tries for Home, SAFE, throw by RF to home
Pitching: RHP Ron Knowles
Batting: RHB John Corfield 0-0: SINGLE (Groundball, 6MD, EV 105.6 MPH)
Paul McClintock to third
Batting: RHB Chris Osting 0-0: Called Strike
John Corfield is caught stealing 2nd base 2-4
0-1: Ball
1-1: Ball
2-1: Foul Ball, location: 2F
2-2: Ball
3-2: Base on Balls
Batting: RHB Zakhar Edelman 0-0: 3-RUN HOME RUN (Flyball, 7D, EV 99.4 MPH), Distance : 362 ft
Batting: RHB Seisaburo Edagawa 0-0: Foul Ball, location: 2F
0-1: Ball
1-1: SINGLE (Groundball, 34D, EV 102.5 MPH)
Batting: RHB Manny Thompson 0-0: Ball
1-0: Foul Ball, location: 2F
1-1: Foul Ball, location: 2F
1-2: Ball
2-2: Ball
3-2: Fly out, F8 (Line Drive, 89M, EV 112.5 MPH)
Bottom of the 7th over - 7 runs, 7 hits, 1 error, 1 left on base; Reading 1 - Colorado (EL) 8
TOP OF THE 8TH
Reading Fightin Phils batting - Pitching for Colorado (EL) Rockies : RHP Michael Conrad
Batting: RHB Pablo Lopez 0-0: Called Strike
0-1: Called Strike
0-2: Ball
1-2: Fly out, F9 (Flyball, 9D, EV 82.5 MPH)
Batting: LHB Alex Fernandez 0-0: Ground out 5-3 (Groundball, 56S, EV 87.5 MPH)
Batting: LHB Doug Frampton 0-0: Ball
1-0: Fly out, F8 (Flyball, 8RD, EV 94.4 MPH)
Top of the 8th over - 0 runs, 0 hits, 0 errors, 0 left on base; Reading 1 - Colorado (EL) 8
BOTTOM OF THE 8TH
Colorado (EL) Rockies batting - Pitching for Reading Fightin Phils : RHP Ron Knowles
Batting: SHB Craig Ruzic 0-0: Ball
1-0: Ball
2-0: Ball
3-0: Called Strike
3-1: Base on Balls
Batting: RHB Kevin Tangeman 0-0: Ball
1-0: Foul Ball, location: 2F
1-1: Ball
2-1: Ball
3-1: Called Strike
3-2: SINGLE (Groundball, 56D, EV 110.0 MPH)
Craig Ruzic to second
Batting: LHB Mick Tucker 0-0: Foul Ball, location: 2F
0-1: Ball
1-1: Foul Ball, location: 2F
1-2: Ball
2-2: Ball
3-2: Strikes out swinging
Pitching: RHP Danny Zuniga
Batting: LHB Paul McClintock 0-0: Called Strike
0-1: Ball
1-1: Foul Ball, location: 2F
1-2: Ball
2-2: Foul Ball, location: 2F
2-2: Ball
3-2: Foul Ball, location: 2F
3-2: Fly out, F8 (Line Drive, 8RD, EV 98.1 MPH)
Batting: RHB John Corfield 0-0: Fly out, F8 (Flyball, 8RD, EV 100.0 MPH)
Bottom of the 8th over - 0 runs, 1 hit, 0 errors, 2 left on base; Reading 1 - Colorado (EL) 8
TOP OF THE 9TH
Reading Fightin Phils batting - Pitching for Colorado (EL) Rockies : RHP Michael Conrad
Batting: RHB Danny Habermehl 0-0: Ball
1-0: Fly out, F4 (Popup, 4S, EV 81.9 MPH)
Batting: RHB Prabhukumar Santhanakrishnan 0-0: Called Strike
0-1: SOLO HOME RUN (Line Drive, 78XD, EV 108.8 MPH), Distance : 404 ft
Batting: RHB Tony Perez 0-0: Ball
1-0: Foul Ball, location: 2F
1-1: Ground out 6-3 (Groundball, 6MS, EV 87.5 MPH)
Batting: RHB Chris Myers 0-0: Foul Ball, location: 2F
0-1: Ball
1-1: Foul Ball, location: 2F
1-2: Fly out, F9 (Flyball, 9, EV 75.6 MPH)
Top of the 9th over - 1 run, 1 hit, 0 errors, 0 left on base; Reading 2 - Colorado (EL) 8
Tuesday, March 28th , 2023 - OOTP Baseball 23.10 Build 110